[ AOE2 MATCH · #477823866 ]
Team RMMongols vs Khmer
[ REPLAY ANALYSIS · EXTRACTED FROM THE RECORDED GAME ]
Feudal
15:16
Castle
23:12
Imperial
45:08
| APM avg | 17.7 |
| APM peak | 53 |
| eAPM avg | 13.7 |
| Villagers / military | 95 / 92 |
Focus
⚔️ 26.3% · 🌾 73.7%
Mangudai ×52 · Camel Scout ×39 · Fishing Ship ×4 · Trade Cart ×1 · Scout Cavalry ×1
Feudal
—
Castle
—
Imperial
—
| APM avg | 41.6 |
| APM peak | 160 |
| eAPM avg | 32.5 |
| Villagers / military | 73 / 108 |
Focus
⚔️ 9.8% · 🌾 90.2%
Scout Cavalry ×66 · Scorpion ×42
Feudal
16:36
Castle
25:28
Imperial
—
| APM avg | 15.5 |
| APM peak | 32 |
| eAPM avg | 11.9 |
| Villagers / military | 122 / 368 |
Focus
⚔️ 32.3% · 🌾 67.7%
Archer ×181 · Spearman ×100 · Skirmisher ×49 · Militia ×25 · Organ Gun ×9 · Fishing Ship ×6
Feudal
14:24
Castle
22:22
Imperial
42:30
| APM avg | 18.2 |
| APM peak | 39 |
| eAPM avg | 13.2 |
| Villagers / military | 129 / 5 |
Focus
⚔️ 33.7% · 🌾 66.3%
Unknown (1974) ×98 · Unknown (1968) ×66 · Fishing Ship ×26 · Unknown (1944) ×8 · Unknown (1942) ×7 · Spearman ×2
Match map
Resources at game start + every placement click. Thick line = wall · dashed box = detected house wall. 🟡 gold · ⚪ stone · 🟢 berries · 🔶 boar · ⭕ relic
Inputs per minute
— Confused - - LakeGale
Build order — Confused
First 150 of 347 actions detected
| 0:13 | Build | Town Center |
| 1:23 | Build | House |
| 1:25 | Build | House |
| 2:39 | Create | Villager (Male) |
| 2:40 | Create | Villager (Male) |
| 2:40 | Create | Villager (Male) |
| 2:40 | Create | Villager (Male) |
| 2:41 | Create | Villager (Male) |
| 3:11 | Build | House |
| 3:30 | Build | Lumber Camp |
| 4:05 | Create | Villager (Male) |
| 4:05 | Create | Villager (Male) |
| 4:36 | Create | Villager (Male) |
| 4:36 | Create | Villager (Male) |
| 5:57 | Create | Villager (Male) |
| 5:58 | Create | Villager (Male) |
| 5:58 | Create | Villager (Male) |
| 5:58 | Create | Villager (Male) |
| 5:59 | Create | Villager (Male) |
| 6:22 | Create | Villager (Male) |
| 7:04 | Create | Villager (Male) |
| 7:50 | Create | Villager (Male) |
| 8:58 | Create | Villager (Male) |
| 8:58 | Create | Villager (Male) |
| 8:59 | Create | Villager (Male) |
| 8:59 | Create | Villager (Male) |
| 8:59 | Create | Villager (Male) |
| 9:49 | Create | Villager (Male) |
| 9:54 | Create | Villager (Male) |
| 9:54 | Create | Villager (Male) |
| 10:03 | Build | House |
| 10:11 | Build | Dock |
| 10:34 | Create | Villager (Male) |
| 12:00 | Create | Fishing Ship |
| 12:00 | Create | Fishing Ship |
| 12:18 | Build | Barracks |
| 13:02 | Build | Mill |
| 13:06 | Research | Feudal Age |
| 13:07 | Research | Loom |
| 13:41 | Build | Farm |
| 14:06 | Build | House |
| 14:08 | Build | House |
| 14:24 | Create | Fishing Ship |
| 15:06 | Create | Villager (Male) |
| 15:07 | Create | Villager (Male) |
| 15:07 | Create | Villager (Male) |
| 15:07 | Create | Villager (Male) |
| 15:08 | Create | Villager (Male) |
| 15:09 | Create | Villager (Male) |
| 15:10 | Create | Villager (Male) |
| 15:10 | Create | Villager (Male) |
| 15:16 | Age | Feudal Age |
| 15:22 | Research | Arson |
| 15:29 | Research | Horse Collar |
| 15:32 | Research | Double-Bit Axe |
| 15:35 | Create | Fishing Ship |
| 15:55 | Research | Wheelbarrow |
| 16:05 | Research | Wheelbarrow |
| 16:23 | Build | Farm |
| 16:48 | Build | Mining Camp |
| 17:53 | Build | Blacksmith |
| 18:03 | Build | Market |
| 18:31 | Build | Farm |
| 18:34 | Build | Farm |
| 18:35 | Build | Farm |
| 18:35 | Build | Farm |
| 18:35 | Build | Farm |
| 18:35 | Build | Farm |
| 18:59 | Build | Mining Camp |
| 19:14 | Build | Farm |
| 19:29 | Build | Farm |
| 19:49 | Build | Blacksmith |
| 20:00 | Build | Farm |
| 20:32 | Research | Castle Age |
| 21:04 | Build | Mill |
| 21:19 | Research | Arson |
| 21:27 | Research | Fletching |
| 21:35 | Research | Scale Barding Armor |
| 21:47 | Build | House |
| 21:48 | Build | House |
| 21:49 | Build | House |
| 21:51 | Build | House |
| 22:03 | Build | Lumber Camp |
| 22:21 | Research | Tech 906 |
| 22:28 | Research | Tech 906 |
| 22:36 | Research | Forging |
| 23:00 | Build | Farm |
| 23:09 | Build | Farm |
| 23:12 | Age | Castle Age |
| 23:16 | Build | Farm |
| 23:17 | Build | Farm |
| 23:17 | Build | Farm |
| 23:17 | Build | Farm |
| 23:17 | Build | Farm |
| 23:25 | Create | Villager (Male) |
| 23:25 | Create | Villager (Male) |
| 23:25 | Create | Villager (Male) |
| 23:26 | Create | Villager (Male) |
| 23:26 | Create | Villager (Male) |
| 23:26 | Create | Villager (Male) |
| 23:27 | Create | Villager (Male) |
| 23:27 | Create | Villager (Male) |
| 23:48 | Build | University |
| 24:12 | Build | Mining Camp |
| 25:08 | Build | Town Center |
| 25:41 | Research | Gold Mining |
| 25:43 | Research | Stone Mining |
| 25:48 | Research | Bodkin Arrow |
| 25:49 | Research | Iron Casting |
| 26:34 | Build | House |
| 26:37 | Build | House |
| 26:39 | Build | House |
| 27:16 | Build | Stable |
| 27:22 | Build | Watch Tower |
| 28:09 | Research | Husbandry |
| 28:12 | Research | Bloodlines |
| 28:14 | Create | Camel Scout |
| 28:14 | Create | Camel Scout |
| 28:14 | Create | Camel Scout |
| 28:41 | Build | Lumber Camp |
| 29:25 | Create | Villager (Male) |
| 29:25 | Create | Villager (Male) |
| 29:25 | Create | Villager (Male) |
| 29:26 | Create | Villager (Male) |
| 29:26 | Create | Villager (Male) |
| 29:26 | Create | Villager (Male) |
| 29:26 | Create | Villager (Male) |
| 29:26 | Create | Villager (Male) |
| 29:27 | Create | Villager (Male) |
| 29:33 | Create | Villager (Male) |
| 29:33 | Create | Villager (Male) |
| 29:47 | Create | Villager (Male) |
| 29:56 | Build | Mining Camp |
| 30:58 | Build | University |
| 31:11 | Create | Villager (Male) |
| 31:11 | Create | Villager (Male) |
| 31:11 | Create | Villager (Male) |
| 31:12 | Create | Villager (Male) |
| 31:12 | Create | Villager (Male) |
| 31:12 | Create | Villager (Male) |
| 31:12 | Create | Villager (Male) |
| 31:13 | Create | Villager (Male) |
| 31:13 | Create | Villager (Male) |
| 32:08 | Research | Bow Saw |
| 32:10 | Research | Gold Shaft Mining |
| 32:16 | Research | Heavy Plow |
| 32:34 | Build | Farm |
| 32:55 | Build | House |
| 32:56 | Build | House |
| 32:59 | Build | House |
Build order — LakeGale
First 150 of 629 actions detected
| 2:33 | Build | Town Center |
| 3:34 | Build | House |
| 3:35 | Build | House |
| 3:44 | Build | House |
| 3:45 | Build | House |
| 4:31 | Build | Palisade Wall |
| 4:53 | Create | Villager (Male) |
| 4:53 | Create | Villager (Male) |
| 4:53 | Create | Villager (Male) |
| 4:53 | Create | Villager (Male) |
| 5:43 | Build | Palisade Gate |
| 5:58 | Build | Building 796 |
| 6:52 | Build | Palisade Wall |
| 7:06 | Create | Villager (Male) |
| 7:06 | Create | Villager (Male) |
| 7:20 | Build | House |
| 7:24 | Create | Villager (Male) |
| 7:25 | Create | Villager (Male) |
| 7:59 | Create | Villager (Male) |
| 8:35 | Create | Villager (Male) |
| 8:35 | Create | Villager (Male) |
| 8:54 | Build | House |
| 9:06 | Create | Villager (Male) |
| 9:06 | Create | Villager (Male) |
| 9:33 | Create | Villager (Male) |
| 9:34 | Create | Villager (Male) |
| 9:34 | Create | Villager (Male) |
| 9:49 | Create | Villager (Male) |
| 9:49 | Create | Villager (Male) |
| 10:18 | Create | Villager (Male) |
| 10:22 | Research | Loom |
| 10:42 | Build | Mill |
| 10:54 | Create | Villager (Male) |
| 10:54 | Create | Villager (Male) |
| 11:14 | Create | Villager (Male) |
| 11:14 | Create | Villager (Male) |
| 11:15 | Create | Villager (Male) |
| 12:04 | Build | Palisade Wall |
| 12:07 | Create | Villager (Male) |
| 12:07 | Create | Villager (Male) |
| 12:07 | Create | Villager (Male) |
| 12:52 | Build | Lumber Camp |
| 12:55 | Create | Villager (Male) |
| 12:55 | Create | Villager (Male) |
| 12:55 | Create | Villager (Male) |
| 13:06 | Build | Palisade Wall |
| 13:46 | Build | Farm |
| 13:46 | Build | Farm |
| 13:46 | Build | Farm |
| 13:46 | Build | Farm |
| 13:46 | Build | Farm |
| 13:46 | Build | Farm |
| 13:46 | Build | Farm |
| 13:46 | Build | Farm |
| 13:46 | Build | Farm |
| 13:46 | Build | Farm |
| 13:46 | Build | Farm |
| 14:07 | Build | Palisade Wall |
| 15:12 | Build | House |
| 15:15 | Build | House |
| 16:11 | Create | Villager (Male) |
| 16:12 | Create | Villager (Male) |
| 16:20 | Build | Barracks |
| 16:37 | Build | Farm |
| 16:37 | Build | Farm |
| 16:37 | Build | Farm |
| 16:37 | Build | Farm |
| 16:37 | Build | Farm |
| 16:37 | Build | Farm |
| 16:37 | Build | Farm |
| 16:37 | Build | Farm |
| 16:37 | Build | Farm |
| 16:51 | Build | Farm |
| 16:51 | Build | Farm |
| 16:51 | Build | Farm |
| 16:51 | Build | Farm |
| 16:51 | Build | Farm |
| 16:51 | Build | Farm |
| 16:51 | Build | Farm |
| 16:51 | Build | Farm |
| 16:51 | Build | Farm |
| 16:51 | Build | Farm |
| 16:51 | Build | Farm |
| 16:51 | Build | Farm |
| 16:51 | Build | Farm |
| 16:51 | Build | Farm |
| 16:51 | Build | Farm |
| 16:51 | Build | Farm |
| 16:54 | Build | Farm |
| 16:54 | Build | Farm |
| 16:54 | Build | Farm |
| 16:54 | Build | Farm |
| 16:54 | Build | Farm |
| 16:54 | Build | Farm |
| 16:54 | Build | Farm |
| 16:54 | Build | Farm |
| 16:54 | Build | Farm |
| 16:54 | Build | Farm |
| 16:54 | Build | Farm |
| 16:54 | Build | Farm |
| 16:54 | Build | Farm |
| 16:54 | Build | Farm |
| 16:54 | Build | Farm |
| 16:54 | Build | Farm |
| 16:54 | Build | Farm |
| 16:54 | Build | Farm |
| 16:54 | Build | Farm |
| 16:54 | Build | Farm |
| 16:54 | Build | Farm |
| 16:54 | Build | Farm |
| 16:54 | Build | Farm |
| 16:54 | Build | Farm |
| 16:54 | Build | Farm |
| 16:54 | Build | Farm |
| 16:54 | Build | Farm |
| 16:54 | Build | Farm |
| 16:54 | Build | Farm |
| 16:55 | Build | Farm |
| 16:55 | Build | Farm |
| 16:55 | Build | Farm |
| 16:55 | Build | Farm |
| 16:55 | Build | Farm |
| 16:55 | Build | Farm |
| 16:55 | Build | Farm |
| 16:55 | Build | Farm |
| 16:55 | Build | Farm |
| 16:55 | Build | Farm |
| 16:55 | Build | Farm |
| 16:55 | Build | Farm |
| 16:55 | Build | Farm |
| 16:55 | Build | Farm |
| 16:55 | Build | Farm |
| 16:55 | Build | Farm |
| 16:55 | Build | Farm |
| 16:57 | Build | Farm |
| 16:57 | Build | Farm |
| 16:57 | Build | Farm |
| 16:57 | Build | Farm |
| 16:57 | Build | Farm |
| 16:57 | Build | Farm |
| 16:57 | Build | Farm |
| 16:57 | Build | Farm |
| 16:57 | Build | Farm |
| 16:57 | Build | Farm |
| 16:57 | Build | Farm |
| 16:57 | Build | Farm |
| 16:57 | Build | Farm |
| 16:57 | Build | Farm |
| 16:59 | Build | Farm |
| 16:59 | Build | Farm |
Build order — marcel
First 150 of 407 actions detected
| 0:30 | Build | Town Center |
| 1:34 | Build | House |
| 1:42 | Build | House |
| 2:29 | Create | Villager (Male) |
| 2:30 | Create | Villager (Male) |
| 2:30 | Create | Villager (Male) |
| 2:30 | Create | Villager (Male) |
| 3:51 | Create | Villager (Male) |
| 4:28 | Create | Villager (Male) |
| 4:50 | Create | Villager (Male) |
| 5:03 | Create | Villager (Male) |
| 6:01 | Create | Villager (Male) |
| 6:27 | Create | Villager (Male) |
| 7:10 | Create | Villager (Male) |
| 7:10 | Create | Villager (Male) |
| 7:10 | Create | Villager (Male) |
| 7:20 | Build | House |
| 7:46 | Build | House |
| 7:51 | Create | Villager (Male) |
| 8:59 | Build | Mining Camp |
| 9:01 | Create | Villager (Male) |
| 9:02 | Create | Villager (Male) |
| 9:02 | Create | Villager (Male) |
| 9:03 | Create | Villager (Male) |
| 9:25 | Build | Mill |
| 9:29 | Create | Villager (Male) |
| 9:30 | Create | Villager (Male) |
| 9:30 | Create | Villager (Male) |
| 10:39 | Create | Villager (Male) |
| 10:39 | Create | Villager (Male) |
| 11:06 | Build | Barracks |
| 11:10 | Build | House |
| 11:20 | Create | Villager (Male) |
| 11:21 | Create | Villager (Male) |
| 12:21 | Create | Villager (Male) |
| 12:22 | Create | Villager (Male) |
| 12:23 | Create | Villager (Male) |
| 12:23 | Create | Villager (Male) |
| 12:48 | Build | Farm |
| 12:50 | Build | Farm |
| 12:52 | Build | Farm |
| 12:59 | Build | Farm |
| 13:31 | Build | Farm |
| 13:46 | Create | Villager (Male) |
| 14:00 | Build | Farm |
| 14:06 | Research | Feudal Age |
| 14:49 | Build | House |
| 15:30 | Build | Farm |
| 16:36 | Age | Feudal Age |
| 16:38 | Create | Villager (Male) |
| 16:40 | Research | Loom |
| 16:40 | Create | Villager (Male) |
| 16:41 | Create | Villager (Male) |
| 16:41 | Create | Villager (Male) |
| 16:41 | Create | Villager (Male) |
| 16:51 | Build | House |
| 16:52 | Build | House |
| 16:54 | Build | House |
| 16:58 | Build | House |
| 17:00 | Build | House |
| 17:13 | Build | Dock |
| 17:30 | Create | Villager (Male) |
| 17:30 | Create | Villager (Male) |
| 17:31 | Create | Villager (Male) |
| 17:40 | Build | Lumber Camp |
| 17:59 | Create | Fishing Ship |
| 18:00 | Create | Fishing Ship |
| 18:01 | Create | Fishing Ship |
| 19:04 | Create | Villager (Male) |
| 19:05 | Create | Villager (Male) |
| 19:22 | Build | Farm |
| 19:26 | Research | Horse Collar |
| 19:29 | Research | Double-Bit Axe |
| 20:00 | Build | Market |
| 20:07 | Build | Blacksmith |
| 20:15 | Create | Villager (Male) |
| 20:15 | Create | Villager (Male) |
| 20:27 | Build | Farm |
| 20:29 | Build | Farm |
| 20:31 | Build | Farm |
| 20:33 | Build | Farm |
| 20:35 | Build | Farm |
| 21:09 | Build | Mining Camp |
| 21:29 | Build | House |
| 21:33 | Build | House |
| 21:35 | Build | House |
| 21:36 | Build | House |
| 21:43 | Create | Villager (Male) |
| 21:43 | Create | Villager (Male) |
| 22:03 | Build | Mining Camp |
| 22:17 | Create | Villager (Male) |
| 22:24 | Research | Castle Age |
| 22:45 | Research | Man-at-Arms (upgrade) |
| 22:46 | Create | Spearman |
| 22:46 | Create | Spearman |
| 22:47 | Create | Spearman |
| 22:47 | Create | Militia |
| 22:48 | Create | Militia |
| 22:48 | Create | Militia |
| 22:49 | Create | Spearman |
| 22:49 | Create | Spearman |
| 22:49 | Create | Spearman |
| 22:49 | Create | Spearman |
| 22:56 | Research | Forging |
| 23:11 | Research | Scale Mail Armor |
| 23:32 | Build | Dock |
| 23:44 | Build | Mill |
| 24:02 | Research | Stone Mining |
| 24:03 | Research | Gold Mining |
| 24:23 | Build | Farm |
| 24:53 | Create | Spearman |
| 24:54 | Create | Militia |
| 24:56 | Create | Spearman |
| 24:57 | Create | Militia |
| 25:22 | Build | Stone Wall |
| 25:26 | Build | Building 490 |
| 25:28 | Age | Castle Age |
| 25:31 | Create | Villager (Male) |
| 25:32 | Create | Villager (Male) |
| 25:32 | Create | Villager (Male) |
| 25:32 | Create | Villager (Male) |
| 25:45 | Build | Town Center |
| 26:06 | Build | Town Center |
| 26:48 | Build | Lumber Camp |
| 26:54 | Create | Villager (Male) |
| 26:54 | Create | Villager (Male) |
| 26:56 | Create | Villager (Male) |
| 26:58 | Create | Villager (Male) |
| 26:59 | Create | Villager (Male) |
| 26:59 | Create | Villager (Male) |
| 26:59 | Create | Villager (Male) |
| 26:59 | Create | Villager (Male) |
| 27:08 | Create | Villager (Male) |
| 27:08 | Create | Villager (Male) |
| 27:15 | Research | Iron Casting |
| 27:54 | Build | Mining Camp |
| 27:58 | Create | Villager (Male) |
| 27:58 | Create | Villager (Male) |
| 27:58 | Create | Villager (Male) |
| 27:59 | Create | Villager (Male) |
| 28:03 | Research | Bow Saw |
| 28:20 | Research | Heavy Plow |
| 28:32 | Create | Villager (Male) |
| 28:51 | Build | Farm |
| 28:53 | Build | Farm |
| 28:56 | Build | Farm |
| 28:58 | Build | Farm |
| 29:02 | Create | Villager (Male) |
| 29:02 | Create | Villager (Male) |
| 29:03 | Create | Villager (Male) |
Build order — Lænsmannj
First 150 of 350 actions detected
| 0:51 | Build | Town Center |
| 2:06 | Build | House |
| 2:56 | Build | Dock |
| 3:21 | Create | Villager (Male) |
| 3:22 | Create | Villager (Male) |
| 3:22 | Create | Villager (Male) |
| 3:22 | Create | Villager (Male) |
| 3:56 | Create | Villager (Male) |
| 3:57 | Create | Villager (Male) |
| 4:38 | Create | Fishing Ship |
| 5:30 | Create | Fishing Ship |
| 5:42 | Build | House |
| 5:50 | Research | Loom |
| 5:59 | Create | Fishing Ship |
| 6:09 | Create | Villager (Male) |
| 6:49 | Create | Fishing Ship |
| 6:57 | Create | Villager (Male) |
| 7:12 | Build | House |
| 7:42 | Create | Villager (Male) |
| 7:42 | Create | Villager (Male) |
| 7:43 | Create | Villager (Male) |
| 7:50 | Create | Fishing Ship |
| 8:22 | Create | Villager (Male) |
| 9:10 | Create | Villager (Male) |
| 9:11 | Create | Villager (Male) |
| 9:11 | Create | Villager (Male) |
| 9:15 | Build | House |
| 9:36 | Create | Fishing Ship |
| 9:36 | Create | Fishing Ship |
| 9:50 | Build | Mill |
| 10:05 | Build | Lumber Camp |
| 10:26 | Create | Villager (Male) |
| 10:26 | Create | Villager (Male) |
| 10:34 | Build | House |
| 11:14 | Create | Villager (Male) |
| 11:28 | Create | Fishing Ship |
| 11:50 | Build | Mill |
| 12:14 | Research | Feudal Age |
| 12:33 | Create | Fishing Ship |
| 12:33 | Create | Fishing Ship |
| 12:58 | Create | Villager (Male) |
| 12:58 | Create | Villager (Male) |
| 13:09 | Build | House |
| 13:10 | Build | House |
| 13:19 | Build | Palisade Wall |
| 13:50 | Create | Villager (Male) |
| 14:24 | Age | Feudal Age |
| 14:25 | Create | Fishing Ship |
| 14:25 | Create | Fishing Ship |
| 14:27 | Research | Tech 906 |
| 14:31 | Create | Fishing Ship |
| 14:31 | Create | Fishing Ship |
| 14:50 | Research | Double-Bit Axe |
| 14:54 | Create | Villager (Male) |
| 14:55 | Create | Villager (Male) |
| 15:18 | Build | Blacksmith |
| 15:33 | Create | Villager (Male) |
| 16:45 | Create | Villager (Male) |
| 16:45 | Create | Villager (Male) |
| 16:48 | Create | Villager (Male) |
| 16:58 | Build | Market |
| 17:16 | Research | Wheelbarrow |
| 17:56 | Build | Mining Camp |
| 18:21 | Build | Dock |
| 18:27 | Create | Fishing Ship |
| 19:10 | Build | House |
| 19:11 | Build | House |
| 19:12 | Build | House |
| 19:13 | Build | House |
| 19:14 | Build | House |
| 19:42 | Research | Castle Age |
| 19:55 | Research | Gold Mining |
| 20:21 | Build | Barracks |
| 20:48 | Build | Lumber Camp |
| 20:56 | Create | Villager (Male) |
| 20:57 | Create | Villager (Male) |
| 21:09 | Build | Watch Tower |
| 21:28 | Build | Watch Tower |
| 21:40 | Create | Spearman |
| 21:40 | Create | Spearman |
| 21:52 | Research | Fletching |
| 22:14 | Research | Scale Mail Armor |
| 22:15 | Research | Forging |
| 22:19 | Create | Fishing Ship |
| 22:19 | Create | Fishing Ship |
| 22:22 | Age | Castle Age |
| 22:50 | Build | Barracks |
| 22:55 | Build | Stone Wall |
| 22:57 | Build | Stone Wall |
| 23:31 | Build | Castle |
| 23:36 | Research | Bow Saw |
| 23:39 | Research | Gold Shaft Mining |
| 23:44 | Create | Unit 1974 |
| 23:44 | Create | Unit 1974 |
| 23:45 | Create | Unit 1974 |
| 23:45 | Create | Unit 1974 |
| 23:45 | Create | Unit 1974 |
| 23:45 | Create | Unit 1974 |
| 23:46 | Create | Unit 1974 |
| 23:46 | Create | Unit 1974 |
| 24:11 | Build | Dock |
| 24:16 | Research | Gillnets |
| 24:34 | Create | Fishing Ship |
| 24:34 | Create | Fishing Ship |
| 25:15 | Build | Stable |
| 25:21 | Research | Squires |
| 25:23 | Research | Arson |
| 25:27 | Create | Unit 1974 |
| 25:28 | Create | Unit 1974 |
| 25:31 | Research | Chain Mail Armor |
| 25:37 | Create | Fishing Ship |
| 25:38 | Create | Fishing Ship |
| 25:46 | Create | Fishing Ship |
| 25:46 | Create | Fishing Ship |
| 26:33 | Create | Villager (Male) ×5 |
| 26:34 | Create | Villager (Male) ×5 |
| 26:34 | Create | Villager (Male) ×2 |
| 26:55 | Research | Iron Casting |
| 26:58 | Research | Bodkin Arrow |
| 27:13 | Create | Unit 1968 |
| 27:14 | Create | Unit 1968 |
| 27:47 | Build | Town Center |
| 28:07 | Create | Unit 1974 |
| 28:07 | Create | Unit 1974 |
| 28:07 | Create | Unit 1974 |
| 28:08 | Create | Unit 1974 |
| 28:18 | Research | Padded Archer Armor |
| 28:21 | Create | Unit 1968 |
| 28:22 | Create | Unit 1968 |
| 28:29 | Research | Hand Cart |
| 28:51 | Create | Unit 1944 |
| 29:17 | Build | Siege Workshop |
| 29:25 | Create | Villager (Male) |
| 29:25 | Create | Villager (Male) |
| 29:31 | Create | Villager (Male) ×5 |
| 29:31 | Create | Villager (Male) ×5 |
| 29:32 | Create | Villager (Male) ×3 |
| 29:54 | Research | War Galley (upgrade) |
| 30:13 | Build | University |
| 30:50 | Research | Leather Archer Armor |
| 30:59 | Build | Dock |
| 31:05 | Create | Villager (Male) |
| 31:05 | Create | Villager (Male) |
| 31:05 | Create | Villager (Male) |
| 31:06 | Create | Villager (Male) |
| 31:06 | Create | Villager (Male) |
| 31:06 | Create | Villager (Male) |
| 31:07 | Create | Villager (Male) |
| 31:18 | Build | Lumber Camp |
| 31:26 | Build | Mining Camp |
Match timeline
| 2:56 | Lænsmannj · first_building Dock |
| 4:31 | LakeGale · wall_segment Palisade Wall x11 |
| 6:52 | LakeGale · wall_segment Palisade Wall x8 |
| 10:11 | Confused · first_building Dock |
| 11:06 | marcel · first_building Barracks |
| 12:04 | LakeGale · wall_segment Palisade Wall x5 |
| 12:18 | Confused · first_building Barracks |
| 13:06 | LakeGale · wall_segment Palisade Wall x5 |
| 13:19 | Lænsmannj · wall_segment Palisade Wall x5 |
| 14:07 | LakeGale · wall_segment Palisade Wall x9 |
| 14:24 | Lænsmannj · age_up feudal |
| 15:16 | Confused · age_up feudal |
| 16:20 | LakeGale · first_building Barracks |
| 16:36 | marcel · age_up feudal |
| 17:13 | marcel · first_building Dock |
| 17:39 | LakeGale · wall_segment Palisade Wall x10 |
| 17:50 | Lænsmannj · first_market_sell 100 food |
| 17:51 | Lænsmannj · first_market_buy 100 wood |
| 19:43 | Confused · first_market_buy 100 wood |
| 20:14 | LakeGale · first_building Stable |
| 20:21 | Lænsmannj · first_building Barracks |
| 20:29 | Confused · first_market_sell 100 food |
| 21:31 | LakeGale · wall_segment Palisade Wall x6 |
| 21:38 | LakeGale · wall_segment Palisade Wall x3 |
| 22:22 | Lænsmannj · age_up castle |
| 22:55 | Lænsmannj · wall_segment Stone Wall x2 |
| 22:57 | Lænsmannj · wall_segment Stone Wall x5 |
| 23:12 | Confused · age_up castle |
| 23:31 | Lænsmannj · first_building Castle |
| 25:15 | Lænsmannj · first_building Stable |
| 25:22 | marcel · wall_segment Stone Wall x11 |
| 25:28 | marcel · age_up castle |
| 26:34 | marcel · first_market_buy 100 wood |
| 27:16 | Confused · first_building Stable |
| 29:17 | Lænsmannj · first_building Siege Workshop |
| 30:19 | marcel · wall_segment Stone Wall x16 |
| 31:36 | LakeGale · wall_segment Stone Wall x10 |
| 31:53 | LakeGale · first_building Siege Workshop |
| 32:24 | LakeGale · wall_segment Stone Wall x19 |
| 32:33 | marcel · first_building Archery Range |
| 32:59 | LakeGale · first_building Castle |
| 33:23 | marcel · wall_segment Stone Wall x9 |
| 35:42 | Confused · first_building Castle |
| 36:53 | Confused · first_building Archery Range |
| 38:13 | marcel · first_building Castle |
| 38:22 | LakeGale · wall_segment Stone Wall x16 |
| 39:10 | Confused · first_building Siege Workshop |
| 42:30 | Lænsmannj · age_up imperial |
| 42:38 | Lænsmannj · first_building Monastery |
| 42:51 | marcel · wall_segment Stone Wall x18 |
| 45:07 | marcel · first_building Siege Workshop |
| 45:08 | Confused · age_up imperial |
| 51:55 | marcel · wall_segment Stone Wall x19 |
| 55:22 | marcel · wall_segment Stone Wall x4 |
| 55:39 | LakeGale · resign |
[ AI ANALYSIS · 1 CREDIT ]
What really happened in this match?
Wolo.gg analyzes every decision: build order, eco, micro, common mistakes by bracket. Personalized analysis on WhatsApp or Discord in 30 seconds.
Civ guide
Mongols
Map guide
Nomad
Perfil
Kaos